 Dungeon Crawl Stone Soup version 0.31-a0-221-gbddc013574 (webtiles) character file.

Game seed: 1939615198982455077

351 reriks the Magician (level 6, -2/32 HPs)
             Began as a Deep Elf Fire Elementalist on July 4, 2023.
             Was a Follower of the Shining One.
             Succumbed to a scorpion's poison
             ... on level 4 of the Dungeon.
             The game lasted 00:05:33 (8145 turns).

reriks the Magician (Deep Elf Fire Elementalist)    Turns: 8145, Time: 00:05:34

Health: -2/32      AC:  3    Str:  5    XL:     6   Next: 34%
Magic:  2/15       EV: 13    Int: 22    God:    the Shining One [*.....]
Gold:   218        SH:  0    Dex: 15    Spells: 6/15 levels left

rFire   . . .        c - +2 short sword (flame)
rCold   . . .        (no shield)
rNeg    . . .        a - +1 robe
rPois   .            (no helmet)
rElec   .            (no cloak)
rCorr   +            (no gloves)
SInv    .            (no boots)
Will    .....        (no amulet)
Stlth   +            q - ring of resist corrosion
HPRegen 0.25/turn    (no ring)
MPRegen 0.14/turn

%: no passive effects
@: lethally poisoned (-2 -> -14), very slightly contaminated, glowing
A: no striking features
a: Renounce Religion, Divine Shield


You were on level 4 of the Dungeon.
You worshipped the Shining One.
The Shining One was aware of your devotion.
You visited 1 branch of the dungeon, and saw 4 of its levels.

You collected 218 gold pieces.

Inventory:

Hand Weapons
 c - a +2 short sword of flaming (weapon)
 f - a +1 club
 k - a +0 mace
Missiles
 j - 6 silver javelins
Armour
 a - a +1 robe (worn)
 t - an orb of guile
Jewellery
 q - a ring of resist corrosion (left hand)
Wands
 g - a wand of flame (29)
 s - a wand of digging (4)
 x - a wand of polymorph (11)
Scrolls
 d - a scroll of noise
 h - 2 scrolls of identify {unknown}
 n - a scroll of silence {unknown}
 r - a scroll of teleportation {unknown}
 u - 2 scrolls of poison {unknown}
 w - a scroll of enchant weapon
Potions
 b - a potion of magic
 e - a potion of degeneration {unknown}
 i - a potion of curing {unknown}
 l - 2 potions of cancellation {unknown}
 m - 2 potions of lignification {unknown}
 o - a potion of heal wounds {unknown}
 p - a potion of enlightenment {unknown}
 v - a potion of haste {unknown}


   Skills:
 + Level 3.6 Dodging
 + Level 3.8 Stealth
 * Level 5.1 Spellcasting
 * Level 3.6 Conjurations
 * Level 4.8 Fire Magic


You had 6 spell levels left.
You knew the following spells:

 Your Spells              Type           Power      Damage    Failure   Level
a - Foxfire               Conj/Fire      96%        2x1d8     1%          1
b - Scorch                Fire           52%        2d7       1%          2
c - Inner Flame           Hex/Fire       16%        N/A       11%         3
d - Volatile Blastmotes   Fire/Tloc      32%        2d12      11%         3

Your spell library contained the following spells:

 Spells                   Type           Power      Damage    Failure   Level
 Flame Wave               Conj/Fire      24%        2d8       17%         4


Dungeon Overview and Level Annotations

Branches:
Dungeon (4/15)
 Temple: D:4-7

Altars:
Cheibriados
Dithmenos
Qazlal
Wu Jian
The Shining One

Shops:
D:3 ![[


Message History

The foxfire hits the scorpion.
The scorpion is severely wounded.
The foxfire hits the scorpion.
The scorpion is severely wounded.
The scorpion stings you.
Casting: Scorch (safe; 2% risk of failure)
Confirm with . or Enter, or press ? or * to list all spells.
You miscast Scorch.
You are very lightly contaminated with residual magic.
Nothing appears to happen.
The scorpion stings you.
Casting: Scorch (safe; 2% risk of failure)
Confirm with . or Enter, or press ? or * to list all spells.
Flames lash the scorpion but do no damage.
The scorpion closely misses you. The scorpion misses you.
A goblin comes into view. It is wielding a +0 club.
The scorpion attacks as you move away! The scorpion stings you.
You are poisoned.
The scorpion poisons you!
You feel very sick. The scorpion attacks as you move away!
The scorpion stings you.
You feel sick.
The scorpion is no longer more vulnerable to fire.
Casting: Scorch (safe; 2% risk of failure)
Confirm with . or Enter, or press ? or * to list all spells.
Flames lash the scorpion.
The scorpion is almost dead.
The scorpion's fire resistance burns away.
You feel sick. The scorpion stings you.
* * * LOW HITPOINT WARNING * * *
You are lethally poisoned!
The scorpion poisons you!
Casting: Scorch (safe; 2% risk of failure)
Confirm with . or Enter, or press ? or * to list all spells.
Flames lash the scorpion.
The scorpion is burned terribly!
You kill the scorpion!
* * * LOW HITPOINT WARNING * * *
You feel very sick.
There is a lethal amount of poison in your body!
* * * LOW HITPOINT WARNING * * *
You feel very sick.
You die...

≈≈≈# ≈≈## ######
#######≈≈# #....###
......#≈≈## ##......#
......'...# ##......##
...†..'...# #.........
.....g'...# ##...###..
......#≈≈.# #......##.
#######≈≈@# #......##.
#..≈≈≈#.# #...##....
+..≈≈≈..# ##..##..#.
#..≈≈#.## ##......##
##..≈≈#.########.......##
...)≈≈..#....##..#.....##
...≈≈≈.......##..#.....#.
≈≈≈≈≈#....#......#.......
≈≈≈≈####..##.##.###......


You could see a goblin.

Vanquished Creatures
  A water moccasin (D:3)
  2 scorpions (D:4)
  3 adders
  An ufetubus (D:4)
  2 worms (D:2)
  7 orcs (D:3)
  2 bats (D:2)
  8 endoplasms
  10 goblins
  9 hobgoblins
  7 jackals
  4 quokkas
  6 ball pythons
  5 frilled lizards
  6 kobolds
  9 rats
82 creatures vanquished.

Vanquished Creatures (collateral kills)
  2 foxfires (D:3)
2 creatures vanquished.

Vanquished Creatures (others)
  249 foxfires
249 creatures vanquished.

Grand Total: 333 creatures vanquished

Notes
Turn   | Place    | Note
-------+----------+-------------------------------------------
     0 | D:1      | reriks the Deep Elf Fire Elementalist began the quest for
                  | the Orb.
     0 | D:1      | Reached XP level 1. HP: 10/10 MP: 6/6
    26 | D:1      | Found a faded altar of an unknown god.
   196 | D:1      | Prayed at the altar of an unknown god.
   196 | D:1      | Became a worshipper of the Shining One
   196 | D:1      | Reached * piety under the Shining One
   924 | D:1      | Reached XP level 2. HP: 15/15 MP: 4/8
  2383 | D:1      | Reached XP level 3. HP: 19/19 MP: 3/10
  2386 | D:1      | Learned a level 2 spell: Scorch
  2390 | D:1      | Learned a level 3 spell: Inner Flame
  2394 | D:1      | Learned a level 3 spell: Volatile Blastmotes
  3384 | D:2      | Found an ornate altar of the Wu Jian Council.
  5154 | D:3      | Reached XP level 4. HP: 24/24 MP: 3/11
  5482 | D:3      | Reached skill level 4 in Spellcasting
  5959 | D:3      | Found a shadowy altar of Dithmenos.
  5969 | D:3      | Found a snail-covered altar of Cheibriados.
  6042 | D:3      | Found Ukeivvio's Antique Armour Shop.
  6136 | D:3      | Found Alaityny's Distillery.
  6243 | D:3      | Found Athruucon's Antique Armour Shop.
  6933 | D:3      | Noticed a water moccasin
  6945 | D:3      | Killed a water moccasin
  6946 | D:3      | Reached XP level 5. HP: 14/28 MP: 4/14
  7210 | D:4      | Found a stormy altar of Qazlal.
  7481 | D:4      | Reached XP level 6. HP: 32/32 MP: 10/15
  7970 | D:4      | Reached skill level 5 in Spellcasting
  8144 | D:4      | HP: 1/32 [poisoned by a scorpion]
  8145 | D:4      | Succumbed to a scorpion's poison

Illustrated notes

Levels and vault maps discovered:
D:1:      psy_arrival_basics, layout_loops_corners, ebering_ecumenical_altar_box
D:2:      layout_basic, basic_altar
D:3:      layout_basic, nicolae_overflow_crystal_walls,
          mainiacjoe_overflow_chevrons, serial_co_window_serial,
          co_window_corner_a, co_window_paths_b, co_window_of_opportunity_a,
          co_window_of_opportunity_a, co_window_of_opportunity_a,
          co_window_paths_b, co_window_broadway_b, co_window_corner_b,
          co_window_2corner, co_window_2corner, co_window_broadway_c,
          co_window_paths_d, glass_columns_c, glass_columns_a, glass_columns_a,
          serial_shops, nicolae_shop_statue_plus, nicolae_shop_hallway_stairs,
          shop, chequers_avenue
D:4:      kennysheep_goblin_castle, layout_cave_pools,
          grunt_temple_overflow_magic_moments, nicolae_qazlal_general_emergency,
          kennysheep_mini_moat, serial_glass, glass_columns_b, glass_columns_b,
          item_on_display_a, feat_on_display, uniq_crazy_yiuf_cottage

Skill      XL: |  1  2  3  4  5  6 |
---------------+-------------------+-----
Conjurations   | 2 3 |  3.6
Dodging        | 3 |  3.6
Stealth        | 3 |  3.8
Fire Magic     | 4 |  4.8
Spellcasting   | 4 5 |  5.1

Action                     |  1- 3 |  4- 6 || total
---------------------------+-------+-------++-------
   Cast: Foxfire           |    95 |    63 ||   158
         Scorch            |    19 |    13 ||    32
    Use: Scroll            |     4 |       ||     4
 Armour: Robe              |     1 |     2 ||     3
  Dodge: Dodged            |     5 |     6 ||    11

Table legend: (Time is in decaauts)
 A = Elapsed time spent in this place.
 B = Non-inter-level travel time spent in this place.
 C = Inter-level travel time spent in this place.
 D = Time resting spent in this place.
 E = Time spent auto-exploring this place.
 F = Levels seen in this place.
 G = Mean time per level.
                   A        B        C        D        E       F      G
               +--------+--------+--------+--------+--------+-----+--------+
         Total |   8143 |   7996 |    147 |   4777 |   2653 |   4 | 2035.8 |
       Dungeon |   8143 |   7996 |    147 |   4777 |   2653 |   4 | 2035.8 |
               +--------+--------+--------+--------+--------+-----+--------+

Top non-repeatable levels by time:
     D:1: 2817 daAuts
     D:2: 2392 daAuts
     D:3: 1993 daAuts
     D:4: 940 daAuts
